 Seeded DCSS version 0.29-a0-819-g94b489e0ae (webtiles) character file.

Game seed: 20220705 (custom seed)

91 flotson the Sneak (level 4, -7/35 HPs)
             Began as a Demonspawn Delver on July 6, 2022.
             Mangled by Crazy Yiuf
             ... wielding a +3 quarterstaff of chaos
              (11 damage)
             ... on level 2 of the Dungeon.
             The game lasted 00:06:45 (2504 turns).

flotson the Sneak (Demonspawn Delver)               Turns: 2504, Time: 00:06:45

Health: -7/35      AC:  4    Str: 16    XL:     4   Next: 33%
Magic:  4/4        EV: 12    Int: 12    God:
Gold:   111        SH:  0    Dex: 14    Spells: 3/3 levels left

rFire   . . .      SeeInvis .   a - +1 flail (protect)
rCold   + . .      Faith    .   j - orb {*Rage}
rNeg    . . .      Spirit   .   i - +1 robe of the Battered Songs {rC+ rCorr Str+2 Stlth-}
rPois   .          Reflect  .   (helmet restricted)
rElec   .          Harm     .   (no cloak)
rCorr   +          Rampage  .   (no gloves)
Will    .....      Rage     20% (no boots)
Stlth   ++........              (no amulet)
HPRegen 0.11/turn               (no ring)
MPRegen 0.09/turn               (no ring)

@: mighty
A: antennae 2, sharp scales 1
a: no special abilities


You were on level 2 of the Dungeon.
You visited 1 branch of the dungeon, and saw 5 of its levels.

You collected 111 gold pieces.

Inventory:

Hand Weapons
 a - a +1 flail of protection (weapon)
 b - a +0 longbow
Missiles
 h - 3 poisoned darts (quivered)
Armour
 i - the +1 robe of the Battered Songs (worn) {rC+ rCorr Str+2 Stlth-}
   (You found it on level 5 of the Dungeon)

   Str:       It affects your strength (+2).
   rC:        It protects you from cold.
   rCorr:     It protects you from acid and corrosion.
   Stlth:     It makes you less stealthy.
 j - an orb of wrath (worn)
Jewellery
 n - a +4 ring of slaying
Wands
 g - a wand of digging (3)
Scrolls
 c - a scroll of fog
 d - 3 scrolls of magic mapping
 e - 2 scrolls of noise {unknown}
 k - 4 scrolls of immolation {unknown}
 m - 2 scrolls of identify {unknown}
 o - a scroll of teleportation {unknown}
 r - a scroll of vulnerability {unknown}
Potions
 f - a potion of haste
 l - a potion of heal wounds {unknown}
 p - a potion of mutation {unknown}
 q - a potion of lignification {unknown}


   Skills:
 + Level 3.3 Fighting
 + Level 1.3(1.8) Axes
 - Level 1.7(2.0) Polearms
 + Level 1.2 Throwing
 + Level 1.0 Armour
 + Level 2.2 Dodging
 + Level 4.7 Stealth
 + Level 1.1 Evocations


You had 3 spell levels left.
You didn't know any spells.
Your spell library contained the following spells:

 Spells                   Type           Power      Damage    Failure   Level
 Fireball                 Conj/Fire      0%         3d3       100%        5
 Iskenderun's Battlesphe  Conj           0%         2d6       100%        5
 Conjure Ball Lightning   Conj/Air       0%         3x3d6     100%        6
 Orb of Destruction       Conj           0%         9d5       100%        7


Dungeon Overview and Level Annotations

Branches:
Dungeon (5/15)
 Temple: D:4-7

Altars:

Shops:
D:3 [   D:5 *

Annotations:
D:2 Crazy Yiuf


Innate Abilities, Weirdness & Mutations

You have a pair of antennae on your head.
You are partially covered in razor-sharp scales. (AC +1, Slay +1)


Message History

Your Armour skill increases to level 1!
You have reached level 4!
You feel clever.
Your demonic ancestry asserts itself...
The antennae on your head grow some more.
HP restored.
Found a stone staircase leading up.
You sense a monster nearby.
Unknown command.
You open the door.
Throw: 5 darts (poison)
Press: ? - help, Q - select action Shift-Dir - straight line, f - Crazy Yiuf
Aim: Crazy Yiuf, wielding a +3 quarterstaff of chaos and wearing a +0 cloak of poison resistance (wandering, hasn't noticed you, 64% to hit)
You throw a poisoned dart. The poisoned dart hits Crazy Yiuf.
Crazy Yiuf is poisoned.
Crazy Yiuf shouts!
Throw: 4 darts (poison)
Press: ? - help, Q - select action Shift-Dir - straight line, f/p - Crazy Yiuf
Aim: Crazy Yiuf, wielding a +3 quarterstaff of chaos and wearing a +0 cloak of poison resistance (lightly wounded, poisoned, 64% to hit)
You throw a poisoned dart.
The poisoned dart barely misses Crazy Yiuf.
Crazy Yiuf attacks as you move away! Crazy Yiuf closely misses you.
Crazy Yiuf grits, "Adder!"
Okay, then.
Crazy Yiuf attacks as you move away! Crazy Yiuf closely misses you.
Crazy Yiuf attacks as you move away!
Crazy Yiuf hits you with a +3 quarterstaff of chaos.
You feel very mighty all of a sudden.
Crazy Yiuf laughs, "Hack!"
Crazy Yiuf looks more healthy.
You closely miss Crazy Yiuf.
Crazy Yiuf is heavily wounded.
Crazy Yiuf says, "Dawk!
Ghoul canine Hive."
Crazy Yiuf hits you with a +3 quarterstaff of chaos!
You convulse!
You closely miss Crazy Yiuf.
Crazy Yiuf is heavily wounded.
Crazy Yiuf hits you with a +3 quarterstaff of chaos!
* * * LOW HITPOINT WARNING * * *
You convulse!
You die...

#'# #.#.#### ##.#
#.#....# #.##
####.#..#.. ##.#
#....##.#†. #.##
#.....#.##. ##.##
#.....#..## #..P##
####.###..# #PPg.#
#####...##.. #..@.#
#....##..##.
##..#####....####.##
#...........# ###
##.[........##
##..........##
##########..###
##..[## ###..##
##..#


You could see Crazy Yiuf.

Vanquished Creatures
  Natasha (D:2)
  An adder (D:5)
  A worm (D:2)
  3 endoplasms
  3 giant cockroaches
  7 goblins
  5 hobgoblins
  3 jackals
  3 quokkas (D:1)
  5 ball pythons
  6 bats
  4 kobolds
  7 rats
49 creatures vanquished.

Notes
Turn   | Place    | Note
-------+----------+-------------------------------------------
     0 | D:5      | flotson the Demonspawn Delver began the quest for the Orb.
     0 | D:5      | Reached XP level 1. HP: 18/18 MP: 1/1
   105 | D:5      | Identified the +1 robe of the Battered Songs {rC+ rCorr
                  | Str+2 Stlth-}
   141 | D:5      | Gained mutation: You have a pair of small antennae on your
                  | head. [demonic ancestry]
   141 | D:5      | Reached XP level 2. HP: 24/24 MP: 2/2
   175 | D:5      | Noticed a water moccasin
   233 | D:5      | Noticed a necrophage
   235 | D:5      | Found Nuqeteer's General Store.
   557 | D:3      | Found Seid's Armour Shoppe.
   663 | D:3      | Noticed a phantom
   920 | D:2      | Noticed Natasha
   922 | D:2      | Noticed a crimson imp
   960 | D:2      | Gained mutation: You are partially covered in razor-sharp
                  | scales. (AC +1, Slay +1) [demonic ancestry]
   960 | D:2      | Reached XP level 3. HP: 21/29 MP: 3/3
   975 | D:2      | Found a runed translucent door.
   976 | D:2      | Noticed Crazy Yiuf
  1154 | D:1      | Found a faded altar of an unknown god.
  1173 | D:1      | Reached skill level 1 in Axes
  1475 | D:1      | Reached skill level 1 in Throwing
  1676 | D:1      | Reached skill level 1 in Evocations
  2260 | D:2      | Killed Natasha
  2261 | D:2      | Reached skill level 1 in Armour
  2261 | D:2      | Gained mutation: You have a pair of antennae on your head.
                  | [demonic ancestry]
  2261 | D:2      | Reached XP level 4. HP: 18/35 MP: 4/4
  2504 | D:2      | Mangled by Crazy Yiuf

Illustrated notes

Levels and vault maps discovered:
D:1:      moated_graveyard_arrival, layout_basic, serial_forest,
          infiniplex_forest_clump_medium, infiniplex_forest_diagonal,
          infiniplex_forest_lined_room_3, infiniplex_forest_clump_double,
          infiniplex_forest_clump_C, infiniplex_forest_lined_2,
          ebering_ecumenical_altar_mist, minmay_stone_trees_small
D:2:      minmay_evil_eye, layout_rooms, uniq_crazy_yiuf_cottage, uniq_natasha
D:3:      layout_basic, serial_shops, nicolae_shop_waterfront,
          nrook_mini_vaults, kennysheep_crisscross,
          chequers_serial_rivers_marsh, minmay_tree_intersection
D:4:      layout_cave_pods, elyvilon_altar_5, jmf_multi_god_temple,
          minmay_temple_entry_junction, uniq_sigmund, uniq_ijyb, uniq_pikel
D:5:      layout_cave_pods, kennysheep_mini, serial_shops,
          nicolae_shop_advertising_works [nicolae_subvault_shop_adworks],
          chequers_serial_rivers_room_b, uniq_blork_the_orc

Skill      XL: |  1  2  3 |
---------------+----------+-----
Dodging        | 2 |  2.2
Axes           | 1 |  1.3
Throwing       | 1 |  1.2
Evocations     | 1 |  1.1
Armour         | 1 |  1.0
Fighting       | |  3.3
Polearms       | |  1.7
Stealth        | |  4.7

Action                   |  1- 3 |  4- 6 || total
-------------------------+-------+-------++-------
Melee: Spear             |    70 |       ||    70
       Punch             |     1 |       ||     1
       Flail             |    57 |     2 ||    59
Throw: Dart              |       |     2 ||     2
  Use: Potion            |     1 |       ||     1
       Scroll            |     3 |       ||     3
 Stab: Sleeping          |     5 |       ||     5
Armor: Robe              |    66 |       ||    66
Dodge: Dodged            |   112 |     2 ||   114

Table legend: (Time is in decaauts)
 A = Elapsed time spent in this place.
 B = Non-inter-level travel time spent in this place.
 C = Inter-level travel time spent in this place.
 D = Time resting spent in this place.
 E = Time spent auto-exploring this place.
 F = Levels seen in this place.
 G = Mean time per level.
                   A        B        C        D        E       F      G
               +--------+--------+--------+--------+--------+-----+--------+
         Total |   2600 |   2500 |    100 |    250 |   1538 |   5 |  520.0 |
       Dungeon |   2600 |   2500 |    100 |    250 |   1538 |   5 |  520.0 |
               +--------+--------+--------+--------+--------+-----+--------+

Top non-repeatable levels by time:
     D:1: 978 daAuts
     D:2: 897 daAuts
     D:4: 300 daAuts
     D:5: 243 daAuts
     D:3: 180 daAuts
